 Dungeon Sprint DCSS version 0.18-a0-1180-g64ccc1e (webtiles) character file.

800000 namelastname112 the Peltast (level 12, -7/115 HPs)
             Began as a Formicid Fighter on Jan 27, 2016.
             Was an Initiate of Makhleb.
             Mangled by a meat berserker
             ... wielding a +9 battleaxe
              (52 damage)
             ... in the Dungeon (Sprint VIII: "Arena of Blood").
             The game lasted 00:00:15 (8 turns).

namelastname112 the Peltast (Formicid Fighter)         Turns: 8, Time: 00:00:15

Health: -7/115     AC: 10    Str: 22    XL:     12   Next: 28%
Magic:  12/12      EV: 10    Int:  8    God:    Makhleb [......]
Gold:   0          SH: 15    Dex: 14    Spells: 0 memorised, 11 levels left

rFire  . . .     SeeInvis +     k - +∞ Axe of Woe
rCold  . . .     Gourm    .     a - +0 scale mail
rNeg   . . .     Faith    .     b - +0 shield
rPois  .         Spirit   .     (helmet unavailable)
rElec  .         Dismiss  .     (no cloak)
rCorr  .         Reflect  .     (no gloves)
SustAt .         Harm     .     (no boots)
MR     +....                    (no amulet)
Stlth  ..........               (no ring)
                                (no ring)

@: somewhat resistant to hostile enchantments, extremely unstealthy
A: permanent stasis, dig shafts and tunnels, four strong arms, antennae 3
a: Dig, Renounce Religion


You were in the Dungeon.
You worshipped Makhleb.
Makhleb was noncommittal.
You were not hungry.

You visited 1 branch

Inventory:

Hand Weapons
 k - the +∞ Axe of Woe (weapon)
   (You found it in the Dungeon)
Armour
 a - a +0 scale mail (worn)
 b - a +0 shield (worn)
Scrolls
 j - a scroll of blinking
Potions
 c - a potion of might
 e - a potion of curing
 f - a potion of heal wounds
 g - a potion of haste
 h - 2 potions of magic
 i - a potion of berserk rage
Comestibles
 d - a bread ration


   Skills:
 + Level 17.6 Fighting
 + Level 17.2 Armour
 + Level 18.4 Shields
 + Level 8.9 Unarmed Combat


You had 11 spell levels left.
You didn't know any spells.

Dungeon Overview and Level Annotations

Branches:
Dungeon (1/1)

Altars:
Makhleb


Innate Abilities, Weirdness & Mutations

You are under a permanent stasis effect.
You can dig through walls and to a lower floor.
Your four strong arms can wield two-handed weapons with a shield.
You have a pair of large antennae on your head (SInv).


Message History

You feel agile.
You have reached level 7!
You have reached level 8!
You feel stronger.
You have reached level 9!
Your experience leads to an increase in your attributes!
Increase (S)trength, (I)ntelligence, or (D)exterity?
You feel agile.
You have reached level 10!
You have reached level 11!
You have reached level 12!
Your experience leads to an increase in your attributes!
Increase (S)trength, (I)ntelligence, or (D)exterity?
You feel agile.
You feel stronger.
The meat berserker rages.
You hear a shout! x4
The meat berserker rages.
You hear a shout! x3
The meat berserker hits you with a +9 battleaxe!!!
You die...

#... #... ..#{{
....###... o.###.
..........###......
..#........_......
#.......#.....#
........#_.<._#
#......o#.....#.
..#.....O.._..o...
....O..@)O###......
.....###.......###.
.... #.......#{ ..
#.......#{{ {
......... .........
......... .......


You could see 3 meat berserkers and 3 bags of meat.

Vanquished Creatures
  An orc (D)
1 creature vanquished.

Notes
Turn   | Place    | Note
--------------------------------------------------------------
     0 | D        | namelastname112 the Formicid Fighter began the quest for the Orb.
     0 | D        | Reached XP level 1. HP: 18/18 MP: 1/1
     4 | D        | Noticed a bag of meat
     4 | D        | Became a worshipper of Makhleb the Destroyer
     5 | D        | Noticed a meat berserker
     5 | D        | Noticed a meat berserker
     6 | D        | Noticed a bag of meat
     8 | D        | Killed a bag of meat
     8 | D        | Reached skill level 17 in Fighting
     8 | D        | Reached skill level 18 in Shields
     8 | D        | Reached XP level 2. HP: 21/47 MP: 2/2
     8 | D        | Reached XP level 3. HP: 23/53 MP: 3/3
     8 | D        | Reached XP level 4. HP: 26/61 MP: 4/4
     8 | D        | Reached XP level 5. HP: 28/67 MP: 5/5
     8 | D        | Reached XP level 6. HP: 30/74 MP: 6/6
     8 | D        | Reached XP level 7. HP: 32/80 MP: 7/7
     8 | D        | Reached XP level 8. HP: 35/88 MP: 8/8
     8 | D        | Reached XP level 9. HP: 37/94 MP: 9/9
     8 | D        | Reached XP level 10. HP: 39/101 MP: 10/10
     8 | D        | Reached XP level 11. HP: 41/107 MP: 11/11
     8 | D        | Reached XP level 12. HP: 44/115 MP: 12/12
     8 | D        | Mangled by a meat berserker

Vault maps used:
D:        meatsprint

Action                   |  1- 3 |  4- 6 |  7- 9 | 10-12 || total
-------------------------+-------+-------+-------+-------++-------
Melee: Executioner's axe |     1 |       |       |       ||     1
